 Dungeon Crawl Stone Soup version 0.27-a0-1378-gdefffd1ff6 (webtiles) character file.

Game seed: 12767544294875975549

107 night the Firebug (level 4, -2/27 HPs)
             Began as an Octopode Fire Elementalist on June 29, 2021.
             Slain by a phantom (8 damage)
             ... on level 4 of the Dungeon.
             The game lasted 00:05:17 (3033 turns).

night the Firebug (Octopode Fire Elementalist)      Turns: 3033, Time: 00:05:18

Health: -2/27      AC:  1    Str:  7    XL:     4   Next: 86%
Magic:  3/8        EV: 13    Int: 18    God:
Gold:   166        SH:  0    Dex: 12    Spells: 8/9 levels left

rFire    . . .     SeeInvis .   i - +1 dagger (holy)
rCold    . . .     Faith    .   (no shield)
rNeg     . . .     Spirit   .   (helmet restricted)
rPois    .         Reflect  .   (no amulet)
rElec    .         Harm     .   (no ring)
rCorr    .         Rampage  .   (no ring)
Will     .....                  (no ring)
Stlth    +++.......             (no ring)
HPRegen  0.09/turn              (no ring)
MPRegen  0.11/turn              (no ring)
                                (no ring)
                                (no ring)

@: no status effects
A: almost no armour, amphibious, 8 rings, camouflage 1, gelatinous body 1,
(nimble swimmer 1), tentacles
a: no special abilities


You were on level 4 of the Dungeon.
You visited 1 branch of the dungeon, and saw 4 of its levels.

You collected 166 gold pieces.

Inventory:

Hand Weapons
 a - a +0 dagger
 b - a +0 hunting sling
 i - a +1 dagger of holy wrath (weapon)
Missiles
 d - 16 poisoned darts
 f - 7 atropa-tipped darts
 g - 50 stones
Scrolls
 c - 3 scrolls of teleportation
 h - a scroll of fog
Potions
 e - 2 potions of might {unknown}


   Skills:
 - Level 2.0 Dodging
 - Level 2.6 Stealth
 + Level 3.0 Spellcasting
 + Level 2.6 Conjurations
 + Level 3.9 Fire Magic


You had 8 spell levels left.
You knew the following spells:

 Your Spells              Type           Power      Damage    Failure   Level
a - Foxfire               Conj/Fire      56%        2x1d6     4%          1

Your spell library contained the following spells:

 Spells                   Type           Power      Damage    Failure   Level
 Conjure Flame            Conj/Fire      14%        6-21      13%         3
 Sting                    Tmut/Pois      8%         1d3       16%         1
 Inner Flame              Hex/Fire       9%         N/A       22%         3
 Poisonous Vapours        Pois/Air       4%         N/A       24%         2
 Ignite Poison            Fire/Tmut/Pois 7%         N/A       28%         3
 Mephitic Cloud           Conj/Pois/Air  5%         N/A       34%         3
 Sticky Flame             Conj/Fire      14%        2d4       38%         4
 Fireball                 Conj/Fire      7%         3d5       75%         5
 Olgreb's Toxic Radiance  Pois           2%         N/A       85%         4


Dungeon Overview and Level Annotations

Branches:
Dungeon (4/15)
 Temple: D:4-7

Altars:

Shops:
D:4 =


Innate Abilities, Weirdness & Mutations

You cannot wear most types of armour.
You are amphibious.
You can wear up to eight rings at the same time.
Your skin changes colour to match your surroundings (Stealth+).
Your rubbery body absorbs attacks. (AC +1, EV +1)
((You are camouflaged near water. (Stealth+)))
You have tentacles for arms and can constrict up to eight enemies at once.


Message History

You conjure some foxfire!
Unknown command.
You closely miss the phantom.
The phantom is lightly damaged.
The foxfire hits the phantom.
The phantom is moderately damaged.
The foxfire hits the phantom.
The phantom is moderately damaged.
The phantom hits you!
The phantom blinks!
You blink.
You barely miss the phantom.
The phantom is moderately damaged.
The phantom hits you.
The phantom blinks!
You blink.
Casting: Foxfire (safe; 4% risk of failure)
Confirm with . or Enter, or press ? or * to list all spells.
You conjure some foxfire!
The phantom hits you!
Unknown command.
Casting: Foxfire (safe; 4% risk of failure)
Confirm with . or Enter, or press ? or * to list all spells.
You conjure some foxfire!
The foxfire hits the phantom.
The phantom is moderately damaged.
The foxfire hits the phantom but does no damage.
The phantom is moderately damaged.
The phantom hits you.
* * * LOW HITPOINT WARNING * * *
Unknown command.
You closely miss the phantom. Your squeeze misses the phantom.
The phantom is moderately damaged.
The foxfire hits the phantom.
The phantom is moderately damaged.
The foxfire hits the phantom.
The phantom is heavily damaged.
The phantom barely misses you.
Your magical contamination has completely faded away.
You closely miss the phantom.
The phantom is heavily damaged.
The phantom barely misses you.
You hit the phantom but do no damage.
The phantom is heavily damaged.
The phantom hits you!
You die...

##########
#8...8...#
##........# .
#...>...8†# ..
#.........## ...
#.8...∩...8#....
#.#.............
#...8...<......#
###.....@......#
####8..W8....#
##.#......# ..
......# ...
......# ....
.###### #.... .#
##### ##


You could see a phantom.

Vanquished Creatures
  4 gnolls (D:3)
  An adder (D:3)
  A white imp (D:3)
  2 worms (D:3)
  2 dart slugs (D:1)
  A ball python (D:4)
  3 endoplasms
  2 giant cockroaches
  4 goblins
  3 hobgoblins
  5 jackals
  2 quokkas (D:3)
  2 bats
  5 frilled lizards
  4 kobolds
  4 rats
45 creatures vanquished.

Vanquished Creatures (others)
  98 foxfires
98 creatures vanquished.

Grand Total: 143 creatures vanquished

Notes
Turn   | Place    | Note
-------+----------+-------------------------------------------
     0 | D:1      | night the Octopode Fire Elementalist began the quest for
                  | the Orb.
     0 | D:1      | Reached XP level 1. HP: 11/11 MP: 3/3
   253 | D:1      | Found a faded altar of an unknown god.
   568 | D:1      | Reached XP level 2. HP: 15/17 MP: 5/5
  1408 | D:2      | Identified a scroll of acquirement
  1408 | D:2      | Acquired a Young Poisoner's Handbook
  1473 | D:2      | Reached XP level 3. HP: 19/21 MP: 6/6
  1979 | D:3      | Reached skill level 2 in Conjurations
  2386 | D:3      | Reached XP level 4. HP: 27/27 MP: 4/8
  3022 | D:4      | Found Tuogreus's Jewellery Shoppe.
  3022 | D:4      | Noticed a phantom
  3033 | D:4      | Slain by a phantom

Illustrated notes

Levels and vault maps discovered:
D:1:      dpeg_arrival_rooms_c, layout_loops_ring,
          shapermc_ecumenical_altar_totnotflames
D:2:      layout_loops_ring
D:3:      layout_loops_ring, chequers_garden, moated_statue, feat_on_display
D:4:      layout_basic, serial_shops, nicolae_stop_n_shop_1

Skill      XL: |  1  2  3  4 |
---------------+-------------+-----
Conjurations   | 2 |  2.6
Spellcasting   | 3 |  3.0
Dodging        | |  2.0
Stealth        | |  2.6
Fire Magic     | |  3.9

Action                   |  1- 3 |  4- 6 || total
-------------------------+-------+-------++-------
Melee: Dagger            |    41 |    12 ||    53
       Constrict         |    12 |     2 ||    14
       Tentacles         |     6 |     1 ||     7
 Cast: Foxfire           |    29 |    30 ||    59
  Use: Scroll            |     4 |       ||     4
 Stab: Sleeping          |     6 |       ||     6
Armor: Skin              |     2 |     1 ||     3
Dodge: Dodged            |    18 |    10 ||    28

Table legend: (Time is in decaauts)
 A = Elapsed time spent in this place.
 B = Non-inter-level travel time spent in this place.
 C = Inter-level travel time spent in this place.
 D = Time resting spent in this place.
 E = Time spent auto-exploring this place.
 F = Levels seen in this place.
 G = Mean time per level.
                   A        B        C        D        E       F      G
               +--------+--------+--------+--------+--------+-----+--------+
         Total |   3028 |   2975 |     53 |    217 |   2374 |   4 |  757.0 |
       Dungeon |   3028 |   2975 |     53 |    217 |   2374 |   4 |  757.0 |
               +--------+--------+--------+--------+--------+-----+--------+

Top non-repeatable levels by time:
     D:3: 1143 daAuts
     D:1: 1093 daAuts
     D:2: 781 daAuts
     D:4: 10 daAuts
